AoeStats
← cafikjosef

Arabia

509579248Analyzed
1v1 RM · 5d ago on Sep 27, 2026· 35m 3s· 2 players
Game mode
Random Map
Map size
Tiny (2 player)
Population
200
Speed
Normal
Resources
Standard
Victory
Conquest
Starting age
Dark Age
Ending age
Imperial Age
RankedLock teamsTeams togetherTeam positionsShared explorationLock speedFull tech treeHidden civsTurbo modeCheats
Victory
Defeat
🇪🇸 Varangians · Spain
884
+14
🇨🇿 Inca · Czechia
848
-14
cafikjosef
6:51 Loom
9:59 Feudal Age
13:41 Champi Runner
15:02 Horse Collar
16:26 Double-Bit Axe
17:51 Forging
19:07 Scale Mail Armor
19:42 Arson
20:33 Town Watch
25:03 Castle Age
24:01 Wheelbarrow
24:42 Gold Mining
25:57 Squires
25:21 Pikeman
26:43 Iron Casting
26:24 Chain Mail Armor
26:25 Heavy Plow
26:36 Bow Saw
28:04 Gold Shaft Mining
27:32 Champi Warrior
29:25 Stone Mining
31:56 Stone Shaft Mining
35:28 Imperial Age
32:46 Treadmill Crane
33:18 Masonry
35:27 Hand Cart
35:13 Town Patrol
35:38 Ballistics
35:13 Murder Holes
PistolHero
8:10 Loom
10:43 Feudal Age
11:51 Horse Collar
12:08 Double-Bit Axe
13:14 Bloodlines
16:41 Wheelbarrow
22:24 Castle Age
20:45 Forging
20:41 Scale Barding Armor
21:16 Gold Mining
23:07 Husbandry
25:14 Bow Saw
25:21 Heavy Plow
27:36 Hand Cart
28:32 Arson
28:49 Squires
33:16 Iron Casting
32:44 Scale Mail Armor
Connection lost

Rejoining the realm…

Still unreachable

The connection could not be restored.

Session expired

The server has moved on; the page needs a fresh start.